 Dungeon Crawl Stone Soup version 0.32-a0-675-gdc239d62e1 (webtiles) character file.

Game seed: 6689815611930866352

113 javelincjr the Grasshopper (level 4, -3/35 HPs)
             Began as a Demonspawn Warper on Mar 11, 2024.
             Killed by divine providence
             ... invoked by an orc priest
              (13 damage)
             ... on level 3 of the Dungeon.
             The game lasted 00:06:20 (2049 turns).

javelincjr the Grasshopper (Demonspawn Warper)      Turns: 2049, Time: 00:06:21

Health: -3/35      AC:  3    Str: 13    XL:     4   Next: 65%
Magic:  7/7        EV: 12    Int: 13    God:
Gold:   127        SH:  0    Dex: 13    Spells: 4/8 levels left

rFire   . . .        a - +0 spear
rCold   . . .        (no shield)
rNeg    . . .        b - +0 leather armour
rPois   .            (helmet restricted)
rElec   .            (no cloak)
rCorr   .            (no gloves)
SInv    .            (no boots)
Will    .....        (no amulet)
Stlth   +            (no ring)
HPRegen 0.25/turn    (no ring)
MPRegen 0.10/turn

%: no passive effects
@: no status effects
A: horns 1, powered by death 2
a: Convert to Beogh


You were on level 3 of the Dungeon.
You visited 1 branch of the dungeon, and saw 3 of its levels.

You collected 160 gold pieces.
You spent 33 gold pieces at shops.

Inventory:

Hand Weapons
 a - a +0 spear (weapon)
Missiles
 d - 7 darts of dispersal (quivered)
 g - 7 poisoned darts
 m - 2 boomerangs
Armour
 b - a +0 leather armour (worn)
Magical Staves
 l - a staff of conjuration
Scrolls
 c - a scroll of blinking
 e - a scroll of identify {unknown}
 h - a scroll of noise {unknown}
 j - a scroll of teleportation {unknown}
 k - a scroll of amnesia {unknown}
 n - a scroll of silence {unknown}
Potions
 f - a potion of curing
 i - 3 potions of resistance {unknown}
 o - a potion of lignification {unknown}
 p - a potion of cancellation {unknown}


   Skills:
 * Level 3.0 Fighting
 + Level 2.3 Polearms
 - Level 0.8 Throwing
 + Level 1.7 Armour
 + Level 2.2 Dodging
 + Level 2.5 Spellcasting
 + Level 3.1 Translocations


You had 4 spell levels left.
You knew the following spells:

 Your Spells              Type           Power      Damage    Failure   Level
a - Blink                 Tloc           18%        N/A       13%         2
b - Lesser Beckoning      Tloc           18%        N/A       13%         2

Your spell library contained the following spells:

 Spells                   Type           Power      Damage    Failure   Level
 Apportation              Tloc           18%        N/A       9%          1
 Teleport Other           Tloc           9%         N/A       26%         3
 Jinxbite                 Hex            2%         N/A       43%         2
 Manifold Assault         Tloc           9%         N/A       65%         4
 Vhi's Electric Charge    Tloc/Air       10%        N/A       85%         4
 Alistair's Intoxication  Alch           0%         N/A       100%        5


Dungeon Overview and Level Annotations

Branches:
Dungeon (3/15)

Altars:
Xom

Shops:
D:1 **[!


Innate Abilities, Weirdness & Mutations

You have a pair of small horns on your head.
You regenerate health from kills.


Message History

An orc comes into view. It is wielding a +0 dagger.
The orc shouts!
The orc priest shouts!
You hear a shout! x2
A ball python and an orc come into view.
The ball python hisses angrily.
The orc shouts!
You reach to attack!
You closely miss the ball python.
The ball python bites you but does no damage.
You barely miss the ball python.
An orc comes into view. It is wielding a +0 short sword.
The ball python closely misses you. The ball python grabs you.
The ball python constricts you.
You hit the ball python but do no damage.
The orc priest hits you with a +0 whip.
An orc comes into view. It is wielding a +0 flail.
The ball python bites you but does no damage.
The ball python constricts you.
You hit the ball python.
The ball python is heavily wounded.
The ball python bites you but does no damage.
The ball python constricts you.
You hit the ball python but do no damage.
The ball python is heavily wounded.
An orc comes into view. It is wielding a +0 short sword.
The orc priest hits you with a +0 whip. The orc hits you with a +0 dagger.
The ball python bites you. The ball python constricts you.
The orc priest shouts, "Beogh offers mercy even to people such as you.
Join us and be reborn!" (press Y on the ability menu to convert to Beogh)
The ball python's grasp on you weakens, but your attempt to escape fails.
The ball python bites you. The ball python constricts you.
The orc priest hits you with a +0 whip. The orc hits you with a +0 dagger.
The ball python bites you but does no damage.
The ball python constricts you.
You escape the ball python's grasp.
The orc priest hits you with a +0 whip.
You closely miss the orc priest. The orc priest hits you with a +0 whip.
* * * LOW HITPOINT WARNING * * *
The orc priest threatens, "Beogh's wrath is as vast as their mercy.
Make your choice!"
You hit the orc priest.
The orc priest is lightly wounded.
The orc priest calls down the wrath of Beogh upon you.
Beogh smites you!
You die...

... ... #.# # ... .# #
#o##..# #.##oo...##
#...S# .. #.##o##.# ###
#..@....# #..
#.##.#####...# #.#
#....# #...# #.# ###..#
#...#####.# #....#
#...##.....
###.######...##.##.#
###.................
#...<..........)...#
.....###..........<.....


You could see an orc priest, 3 orcs and a ball python.

Vanquished Creatures
  A crimson imp (D:3)
  3 adders
  3 ball pythons
  6 endoplasms
  2 giant cockroaches (D:1)
  3 goblins
  7 hobgoblins
  8 kobolds
  3 quokkas
  2 bats
  3 frilled lizards
  7 rats
48 creatures vanquished.

Notes
Turn   | Place    | Note
-------+----------+-------------------------------------------
     0 | D:1      | javelincjr the Demonspawn Warper began the quest for the
                  | Orb.
     0 | D:1      | Reached XP level 1. HP: 16/16 MP: 3/3
    24 | D:1      | Reached skill level 1 in Armour
   104 | D:1      | Found Pezig's Antique Armour Emporium.
   108 | D:1      | Gained mutation: You have a pair of small horns on your
                  | head. [demonic ancestry]
   108 | D:1      | Reached XP level 2. HP: 18/22 MP: 5/5
   157 | D:1      | Learned a level 2 spell: Blink
   160 | D:1      | Learned a level 2 spell: Lesser Beckoning
   183 | D:1      | Found Lecvil's Distillery.
   187 | D:1      | Bought a potion of curing for 33 gold pieces
   346 | D:1      | Found Getziwi's General Store.
   717 | D:1      | Found a faded altar of an unknown god.
   875 | D:1      | Gained mutation: You regenerate a little health from kills.
                  | [demonic ancestry]
   875 | D:1      | Reached XP level 3. HP: 27/28 MP: 6/6
  1474 | D:2      | HP: 1/28 [poisoned by an adder]
  1781 | D:3      | Gained mutation: You regenerate health from kills. [demonic
                  | ancestry]
  1781 | D:3      | Reached XP level 4. HP: 34/34 MP: 7/7
  1867 | D:3      | Found a shimmering altar of Xom.
  2049 | D:3      | Killed from afar by an orc priest

Illustrated notes

Levels and vault maps discovered:
D:1:      dpeg_arrival_windows_large_door, layout_basic,
          shapermc_ecumenical_altar_mp_highgroup, serial_shops, shop,
          nicolae_shop_real_fake_doors, shop, nicolae_shop_tiny_real_fake_doors
D:2:      layout_loops_cross
D:3:      layout_loops_cross, led_xom_imps, serial_shops, shop,
          biasface_ghost_orc_armoury, uniq_jessica

Skill      XL: |  1  2  3  4 |
---------------+-------------+-----
Armour         | 1 |  1.7
Polearms       | 2 |  2.3
Dodging        | 2 |  2.2
Translocations | 3 |  3.1
Fighting       | 3 |  3.0
Throwing       | |  0.8
Spellcasting   | |  2.5

Action                     |  1- 3 |  4- 6 || total
---------------------------+-------+-------++-------
  Melee: Spear             |   137 |    22 ||   159
         Headbutt          |    19 |     2 ||    21
 Armour: Leather armour    |    43 |    24 ||    67
  Dodge: Dodged            |    46 |     8 ||    54

Table legend: (Time is in decaauts)
 A = Elapsed time spent in this place.
 B = Non-inter-level travel time spent in this place.
 C = Inter-level travel time spent in this place.
 D = Time resting spent in this place.
 E = Time spent auto-exploring this place.
 F = Levels seen in this place.
 G = Mean time per level.
                   A        B        C        D        E       F      G
               +--------+--------+--------+--------+--------+-----+--------+
         Total |   2047 |   1996 |     51 |     98 |   1553 |   3 |  682.3 |
       Dungeon |   2047 |   1996 |     51 |     98 |   1553 |   3 |  682.3 |
               +--------+--------+--------+--------+--------+-----+--------+

Top non-repeatable levels by time:
     D:1: 928 daAuts
     D:2: 777 daAuts
     D:3: 341 daAuts
